 Dungeon Crawl Stone Soup version 0.27.0-1-g7a089689b8 (webtiles) character file.

Game seed: 12324059821584799532

123 ZombieSheep the Vandal (level 5, -2/36 HPs)
             Began as an Octopode Hunter on Aug 9, 2021.
             Slain by an ogre (24 damage)
             ... on level 4 of the Dungeon.
             The game lasted 00:04:23 (3788 turns).

ZombieSheep the Vandal (Octopode Hunter)            Turns: 3788, Time: 00:04:24

Health: -2/36      AC:  1    Str: 12    XL:     5   Next: 7%
Magic:  5/5        EV: 13    Int: 13    God:
Gold:   90         SH:  0    Dex: 13    Spells: 4/4 levels left

rFire    . . .     SeeInvis .   a - +1 hunting sling
rCold    . . .     Faith    .   (no shield)
rNeg     . . .     Spirit   .   (helmet restricted)
rPois    .         Reflect  .   (no amulet)
rElec    .         Harm     .   g - ring of flight
rCorr    .         Rampage  .   (no ring)
Will     .....                  (no ring)
Stlth    +++.......             (no ring)
HPRegen  0.12/turn              (no ring)
MPRegen  0.09/turn              (no ring)
                                (no ring)
                                (no ring)

@: flying
A: almost no armour, amphibious, 8 rings, camouflage 1, gelatinous body 1,
(nimble swimmer 1), tentacles
a: no special abilities


You were on level 4 of the Dungeon.
You visited 1 branch of the dungeon, and saw 4 of its levels.

You collected 90 gold pieces.

Inventory:

Hand Weapons
 a - a +1 hunting sling (weapon)
 b - a +0 short sword
 f - a +0 short sword
Missiles
 c - 27 sling bullets (quivered ammo)
 d - 62 stones
Jewellery
 g - a ring of flight (left tentacle)
Scrolls
 j - a scroll of fog
Potions
 e - a potion of heal wounds {unknown}
 h - 6 potions of curing
 i - a potion of might {unknown}
 l - a potion of lignification {unknown}
 m - a potion of attraction {unknown}


   Skills:
 + Level 3.0 Fighting
 * Level 5.2 Slings
 + Level 3.0 Dodging
 - Level 1.3 Stealth


You had 4 spell levels left.
You didn't know any spells.
Your spell library was empty.

Dungeon Overview and Level Annotations

Branches:
Dungeon (4/15)
 Temple: D:4-7

Altars:
Cheibriados
Dithmenos


Innate Abilities, Weirdness & Mutations

You cannot wear most types of armour.
You are amphibious.
You can wear up to eight rings at the same time.
Your skin changes colour to match your surroundings (Stealth+).
Your rubbery body absorbs attacks. (AC +1, EV +1)
((You are camouflaged near water. (Stealth+)))
You have tentacles for arms and can constrict up to eight enemies at once.


Message History

Fire: 36 sling bullets
Press: ? - help, Q - select action, (/) - cycle Shift-Dir - straight line, f/p - bullfrog skeleton
Aim: a bullfrog skeleton (severely damaged, 79% to hit)
You shoot a sling bullet.
The sling bullet hits the bullfrog skeleton.
The bullfrog skeleton is almost destroyed.
The bullfrog skeleton barely misses you.
The bullfrog skeleton closely misses you.
Fire: 35 sling bullets
Press: ? - help, Q - select action, (/) - cycle Shift-Dir - straight line, f/p - bullfrog skeleton
Aim: a bullfrog skeleton (almost destroyed, 79% to hit)
You shoot a sling bullet.
The sling bullet hits the bullfrog skeleton.
You destroy the bullfrog skeleton!
Your Fighting skill increases to level 3!
Your Dodging skill increases to level 3!
You have reached level 5!
You feel stronger.
You start resting.
An ogre is nearby!
You shoot a sling bullet.
The sling bullet barely misses the ogre.
The ogre shouts!
You shoot a sling bullet. The sling bullet hits the ogre.
The ogre is moderately wounded.
You shoot a sling bullet. The sling bullet hits the ogre.
The ogre is moderately wounded.
You shoot a sling bullet.
The sling bullet hits the ogre but does no damage.
The ogre is moderately wounded.
You shoot a sling bullet. The sling bullet hits the ogre!
The ogre is severely wounded.
You shoot a sling bullet.
The sling bullet completely misses the ogre.
The ogre barely misses you.
You shoot a sling bullet.
The sling bullet barely misses the ogre.
The ogre hits you with a +0 giant club!!
Ouch! That really hurt!
You die...

.((... ?(...## #.# (.>.(.
#.###.. (..(. ##...#... ..(#
#.......###((#
##[......#.#O.##...#
#..........@..#....#### ##.
##.......###...........##..<
#........#...##........#....
#............##...........#
. ##....###................#
..
###....###..............##.#
#....###.............##...
#..............#..........
#........##..####.....##..


You could see an ogre.

Vanquished Creatures
  A bullfrog skeleton (D:4)
  An adder (D:2)
  3 worms (D:2)
  2 dart slugs (D:1)
  2 orcs (D:3)
  3 ball pythons
  6 bats
  5 endoplasms
  10 hobgoblins
  15 jackals
  2 frilled lizards (D:1)
  8 goblins
  3 kobolds
  2 rats
63 creatures vanquished.

Notes
Turn   | Place    | Note
-------+----------+-------------------------------------------
     0 | D:1      | ZombieSheep the Octopode Hunter began the quest for the
                  | Orb.
     0 | D:1      | Reached XP level 1. HP: 14/14 MP: 1/1
   420 | D:1      | Reached XP level 2. HP: 19/19 MP: 2/2
   646 | D:1      | Found a faded altar of an unknown god.
   728 | D:1      | Reached XP level 3. HP: 25/25 MP: 3/3
   857 | D:1      | Found a snail-covered altar of Cheibriados.
  1411 | D:2      | Reached XP level 4. HP: 30/30 MP: 4/4
  2427 | D:3      | Found a shadowy altar of Dithmenos.
  2817 | D:3      | Reached skill level 5 in Slings
  3433 | D:4      | Noticed an ogre
  3744 | D:4      | Reached XP level 5. HP: 16/36 MP: 5/5
  3788 | D:4      | Slain by an ogre

Illustrated notes

Levels and vault maps discovered:
D:1:      dpeg_arrival_short_road, layout_loops_corners,
          hellmonk_ecumenical_altar_dog_temple, minmay_hexomino_r4
D:2:      layout_basic
D:3:      layout_basic, nicolae_dithmenos_through_a_glass_darkly,
          minmay_close_crescents
D:4:      old_forge, layout_cave_pools, mainiacjoe_overflow_swirl,
          serial_bayou_lake_a

Skill      XL: |  1  2  3  4 |
---------------+-------------+-----
Slings         | 5 |  5.2
Fighting       | 3 |  3.0
Dodging        | 3 |  3.0
Stealth        | |  1.3

Action                   |  1- 3 |  4- 6 || total
-------------------------+-------+-------++-------
 Fire: Hunting sling     |   125 |   120 ||   245
  Use: Scroll            |     2 |     5 ||     7
Armor: Skin              |     5 |     3 ||     8
Dodge: Dodged            |    39 |    29 ||    68
